[Event "GrandPrix_30.05"]
[Site "Chess.com"]
[Date "2020.05.30"]
[Round "4"]
[White "Shahinyan_ChessMood"]
[Black "DaggiGretarsson"]
[Result "1/2-1/2"]
[WhiteElo "2398"]
[BlackElo "2166"]
[TimeControl "600+2"]
[EndTime "9:53:17 PDT"]
[Termination "Game drawn by repetition"]

1. e4 g6 2. d4 Bg7 3. Nc3 d6 4. Be3 a6 5. a4 b6 6. g3 Bb7 7. Bg2 Nd7 8. Nge2 Rb8 9. O-O Ngf6 10. h3 b5 11. axb5 axb5 12. d5 b4 13. Na4 c5 14. f4 O-O 15. g4 Ba6 16. Rf2 Ne8 17. Ng3 Bb5 18. e5 dxe5 19. Nxc5 exf4 20. Rxf4 Nxc5 21.
Bxc5 Qc7 22. Be3 Be5 23. Ra7 Bxf4 24. Rxc7 Bxe3+ 25. Kh1 Nxc7 26. Qe1 Bf4 27. Qf2 Bd6 28. Ne4 Ne8 29. Qa7 Nf6 30. Nxd6 exd6 31. Qe7 Nd7 32. Qxd6 Rfe8 33. Qxb4 Re2 34. c4 Ba6 35. Qd6 Rbxb2 36. Qxd7 Rxg2 37. Qe8+ Kg7 38. Qe5+ Kg8 39. Qe8+ Kg7 40.
Qe5+ f6 41. Qc7+ Kh6 42. Qf4+ Kg7 43. Qc7+ Kh6 44. Qf4+ Kg7 45. Qc7+ 1/2-1/2

[Event "GrandPrix_30.05"]
[Site "Chess.com"]
[Date "2020.05.30"]
[Round "4"]
[White "OK97"]
[Black "Kostya_Nikologorskiy"]
[Result "0-1"]
[WhiteElo "2260"]
[BlackElo "2215"]
[TimeControl "600+2"]
[EndTime "9:53:21 PDT"]
[Termination "Kostya_Nikologorskiy won on time"]

1. e4 e6 2. d4 d5 3. Nc3 Bb4 4. e5 c5 5. a3 Bxc3+ 6. bxc3 Ne7 7. Qg4 Qc7 8. Qxg7 Rg8 9. Qxh7 cxd4 10. Qd3 dxc3 11. Nf3 Nbc6 12. Qxc3 Bd7 13. h4 d4 14. Nxd4 Qxe5+ 15. Ne2 Qxc3+ 16. Nxc3 Nd4 17. Kd1 Bc6 18.
Bg5 Rd8 19. Kc1 f6 20. Bxf6 Bxg2 21. Bxg2 Rxg2 22. Rd1 Ndf5 23. Rxd8+ Kxd8 24. Ne4 Kc7 25. Kb2 Nd5 26. Be5+ Kc6 27. h5 Rg4 28. Re1 Rh4 29. Ng5 Nb6 30. Bb8 e5 31. Bxe5 Rxh5 32. Bf4 Nd4 33. Ne4 Rb5+ 34. Kc1 Nc4 35. a4 Rb2 36. Nf6 Rxc2+ 37. Kb1 Na3+ 0-1

[Event "GrandPrix_30.05"]
[Site "Chess.com"]
[Date "2020.05.30"]
[Round "4"]
[White "Nuvas"]
[Black "BairaKovanova"]
[Result "1-0"]
[WhiteElo "2254"]
[BlackElo "2104"]
[TimeControl "600+2"]
[EndTime "9:53:21 PDT"]
[Termination "Nuvas won by resignation"]

1. d4 Nf6 2. c4 e6 3. Nc3 Bb4 4.
g3 O-O 5. Bg2 d5 6. Nf3 Ne4 7.
Bd2 Nxd2 8. Qxd2 dxc4 9. O-O Nc6 10. Rfd1 Qe7 11. Qc2 Bd7 12. d5 Nd8 13. dxe6 Bxe6 14. Nd4 c6 15. Rac1 h6 16. Kh1 Bxc3 17. Qxc3 Bd5 18. Bxd5 cxd5 19. Qf3 Qe5 20. Nf5 Nc6 21. Qxd5 Qxe2 22. Rd2 Qe6 23. Qxe6 fxe6 24. Nd6 Rad8 25. Rcd1 Ne5 26. Kg2 b6 27. f4 Ng4 28. Nxc4 Rc8 29. h3 Rxc4 30. hxg4 Rfc8 31. Re1 Rc2 32. Ree2 Kf7 33.
Rxc2 1-0

[Event "GrandPrix_30.05"]
[Site "Chess.com"]
[Date "2020.05.30"]
[Round "4"]
[White "Guenplen"]
[Black "arminmusovic"]
[Result "1-0"]
[WhiteElo "2532"]
[BlackElo "2273"]
[TimeControl "600+2"]
[EndTime "9:53:26 PDT"]
[Termination "Guenplen won by checkmate"]

1. d4 d5 2. Bf4 c5 3. e3 Nc6 4. c3 a6 5. Nd2 Nf6 6. Bd3 cxd4 7. exd4 Bg4 8. Ngf3 e6 9. h3 Bh5 10. Qb3 Na5 11. Qc2 Bd6 12. Bxd6 Qxd6 13. Ne5 Nc6 14. f4 Bg6 15. O-O O-O 16. Rae1 Rac8 17. Qb1 Nd7 18. Nxd7 Qxd7 19. f5 exf5 20. Bxf5 Qc7 21. Qd1 Rce8 22. Qf3 Ne7 23. Bxg6 hxg6 24. Re5 Qa5 25. Rfe1 Qxa2 26. Rxe7 Rxe7 27. Rxe7 Qxb2 28. Nf1 a5 29. Qxd5 Qxc3 30. Rxb7 a4 31. Ra7 a3 32. Qd6 Re8 33. Rxa3 Qb2 34. Re3 Ra8 35. Qd5 Qa1 36. Re7 Rf8 37. Rd7 Kh7 38. Rd8 Rxd8 39. Qxd8 Qd1 40. Qh4+ Kg8 41. Qe4 f5 42.
Qe5 Kh7 43. d5 f4 44. Qe4 Kh8 45. Qxf4 Qxd5 46. Kh2 Kh7 47. Ne3 Qh5 48. Ng4 Qd5 49. Ne5 Qe6 50. Nf3 Qa6 51. Ng5+ Kh6 52. Qh4# 1-0

[Event "GrandPrix_30.05"]
[Site "Chess.com"]
[Date "2020.05.30"]
[Round "4"]
[White "vagpat"]
[Black "chansen64"]
[Result "1-0"]
[WhiteElo "2214"]
[BlackElo "2047"]
[TimeControl "600+2"]
[EndTime "9:53:33 PDT"]
[Termination "vagpat won by resignation"]

1. e4 c5 2. Nf3 Nc6 3. d4 cxd4 4. Nxd4 g6 5. c4 Nf6 6. Nc3 d6 7. Be2 Nxd4 8. Qxd4 Bg7 9. Be3 O-O 10. Qd2 a6 11.
f3 Be6 12. Rc1 Qa5 13. b3 Rfc8 14. Na4 Qxd2+ 15. Kxd2 Nd7 16. g4 f5 17. gxf5 gxf5 18. Rhg1 Kf7 19. Bd3 fxe4 20. Bxe4 Rc7 21. Ke2 Nf6 22.
Bd3 Rac8 23. Nb6 Rg8 24. Bd4 Rh8 25. h4 Bh6 26. Be3 Bxe3 27. Kxe3 Rc5 28. Rg5 Rc6 29. Na4 b5 30. Nb2 b4 31. Rcg1 h6 32. Rg7+ Ke8 33.
Na4 Kd8 34. f4 h5 35. f5 Bd7 36. Kd4 Be8 37. c5 dxc5+ 38. Nxc5 Rd6+ 39. Ke3 Nd5+ 40. Kf2 Nf4 41. Nb7+ Kc7 42. Nxd6 Kxd6 43. Ke3 Nxd3 44.
Kxd3 Rf8 45. R1g5 Bf7 46. Ke4 Bd5+ 47. Ke3 Bf7 48. Rh7 Ke5 49. f6+ Kxf6 50. Rh6+ 1-0

[Event "GrandPrix_30.05"]
[Site "Chess.com"]
[Date "2020.05.30"]
[Round "4"]
[White "Lion_DL"]
[Black "Yuri202062"]
[Result "0-1"]
[WhiteElo "2076"]
[BlackElo "2041"]
[TimeControl "600+2"]
[EndTime "9:53:36 PDT"]
[Termination "Yuri202062 won by resignation"]

1. e4 c5 2. Nf3 e6 3. d3 Nc6 4. g3 g6 5. Bg5 Qb6 6. Nbd2 d6 7. Nc4 Qc7 8. a4 Bg7 9. Bf4 e5 10. Be3 Nge7 11. Bg2 h6 12. c3 Be6 13. Qd2 f5 14.
O-O fxe4 15. Ne1 exd3 16. Qxd3 d5 17. Na3 c4 18. Qd2 a6 19. Rd1 Rd8 20. Nec2 Nf5 21. Qe2 O-O 22. Bc5 Rfe8 23. Ne3 Nce7 24. Bxe7 Nxe7 25.
f4 Qc5 26. fxe5 Nf5 27. Nc2 Bf7 28. Qf2 Rxe5 29. Nxf5 Qxf2+ 30. Rxf2 Rxf5 31. Rxf5 gxf5 32. Ne3 d4 33. Nxf5 d3 34. Nxg7 Kxg7 35. a5 Bd5 36. Bxd5 Rxd5 37. Kf2 Rxa5 38. Ke3 Ra2 39. Rb1 b5 40. h3 a5 41. Kd4 d2 42. Kc5 Rxb2 43.
Rd1 a4 0-1

[Event "GrandPrix_30.05"]
[Site "Chess.com"]
[Date "2020.05.30"]
[Round "4"]
[White "rasmussvane"]
[Black "Frozygul"]
[Result "1-0"]
[WhiteElo "2502"]
[BlackElo "2168"]
[TimeControl "600+2"]
[EndTime "9:53:42 PDT"]
[Termination "rasmussvane won by resignation"]

1. Nf3 c5 2. c4 Nc6 3. Nc3 g6 4. e3 Bg7 5. d4 cxd4 6. exd4 d6 7. Be2 Nf6 8. h3 O-O 9. O-O e5 10. dxe5 dxe5 11. Be3 Be6 12. Qb3 Na5 13. Qb4 b6 14. Nxe5 Nd7 15. Nxd7 Qxd7 16. Rad1 Qc8 17. Nd5 Bxd5 18.
cxd5 Rd8 19. d6 Be5 20. Rd5 Qc2 21. Rxe5 Qxe2 22. Re1 Nc6 23. Qc3 Qxe1+ 24. Qxe1 Nxe5 25. Bg5 Re8 26. Qe4 Kg7 27. Qf4 f5 28. Qd4 Kf7 29.
d7 Nxd7 30. Qxd7+ 1-0

[Event "GrandPrix_30.05"]
[Site "Chess.com"]
[Date "2020.05.30"]
[Round "4"]
[White "Artur0208"]
[Black "Promacherr"]
[Result "0-1"]
[WhiteElo "2236"]
[BlackElo "2167"]
[TimeControl "600+2"]
[EndTime "9:53:53 PDT"]
[Termination "Promacherr won by checkmate"]

1. d4 d5 2. c4 c6 3. Nf3 Nf6 4. Nc3 dxc4 5. a4 Bf5 6. Ne5 Nbd7 7. Nxc4 Nb6 8. e3 a5 9. Ne5 e6 10. Be2 Bb4 11. O-O O-O 12. Qb3 Nfd7 13. Nd3 Bxd3 14. Bxd3 e5 15. Ne4 exd4 16. exd4 Nf6 17. Bg5 Nbd5 18. Bc2 h6 19. Bh4 Re8 20. Rad1 g5 21.
Nxf6+ Qxf6 22. Bg3 Rad8 23. Qd3 Qg7 24. Qf5 Bd6 25. Rfe1 Nf4 26. Kh1 Rxe1+ 27. Rxe1 Bb4 28. Bxf4 Bxe1 29. Be5 Qg6 30. Qf3 g4 31. Qe2 Qe6 32. Qxe1 f6 33. Qxa5 Re8 34. Qc3 Kg7 35. Qd3 fxe5 36.
Qh7+ Kf8 37. Bg6 Rd8 38. Qxh6+ Ke7 39. Qh4+ Qf6 40. Qh7+ Kd6 41. dxe5+ Qxe5 42. g3 Rf8 43. Kg2 Qf6 44. f4 gxf3+ 45. Kf1 Qxb2 46. Bc2 Qc1+ 47. Kf2 Qd2+ 48. Kf1 Qe2+ 49. Kg1 Qg2# 0-1

[Event "GrandPrix_30.05"]
[Site "Chess.com"]
[Date "2020.05.30"]
[Round "4"]
[White "GeorgMeier"]
[Black "Glek_Igor"]
[Result "1-0"]
[WhiteElo "2655"]
[BlackElo "2453"]
[TimeControl "600+2"]
[EndTime "9:54:05 PDT"]
[Termination "GeorgMeier won on time"]

1. Nf3 Nf6 2. g3 g6 3. Bg2 d5 4. d4 c6 5. O-O Bg7 6. b3 O-O 7. Bb2 a5 8. c4 a4 9. e3 Ne4 10. Nfd2 Bf5 11. cxd5 Nxd2 12. Qxd2 cxd5 13. bxa4 Bxb1 14.
Rfxb1 Rxa4 15. Bc3 Qd7 16. Qb2 Ra7 17. Qb5 e6 18.
Bf1 Rc8 19. Qb6 Nc6 20. a4 Bf6 21. Qb2 Bd8 22. Bb5 Qc7 23. Rc1 Rca8 24. Rc2 Qb6 25. Rac1 Na5 26. Bb4 Nc4 27. Rxc4 dxc4 28. Bc5 Qa5 29.
Bxa7 Rxa7 30. Rxc4 Bf6 31. Kg2 Kg7 32. Qc2 Qb6 33. Rc7 Ra8 34. Qc5 Qxc5 35. dxc5 1-0

[Event "GrandPrix_30.05"]
[Site "Chess.com"]
[Date "2020.05.30"]
[Round "4"]
[White "francyIM"]
[Black "anesar92"]
[Result "1-0"]
[WhiteElo "2617"]
[BlackElo "2404"]
[TimeControl "600+2"]
[EndTime "9:54:06 PDT"]
[Termination "francyIM won by resignation"]

1. d4 Nf6 2. c4 e6 3. Nc3 Bb4 4.
f3 O-O 5. a3 Bxc3+ 6. bxc3 Nc6 7. e4 e5 8. Be3 d6 9. Bd3 Nh5 10. Ne2 f5 11. exf5 Bxf5 12. O-O Qd7 13. Rb1 b6 14. c5 exd4 15. cxd4 Rae8 16. Bf2 Bxd3 17.
Qxd3 dxc5 18. Rfc1 Nxd4 19. Nxd4 cxd4 20. Qc4+ Qf7 21. Qxc7 Nf4 22. Qxf7+ Rxf7 23. Rd1 Ne2+ 24. Kf1 Nc3 25. Re1 Rxe1+ 26. Rxe1 d3 27. Be3 Re7 28.
Kf2 Kf7 29. g3 b5 30. Bc1 Rc7 31. Bd2 a5 32. Ke3 b4 33. axb4 axb4 34. Kxd3 Nd5 35. Rb1 Rd7 36. Kc2 Rc7+ 37. Kb3 Ke6 38. Re1+ Kd6 39.
Re4 Rf7 40. f4 Re7 41. Bxb4+ Nxb4 42. Rxe7 Kxe7 43. Kxb4 Kf6 44. Kc5 g5 45. fxg5+ Kxg5 46. h3 h5 47. Kd4 Kf6 48. Ke4 Ke6 49. Kf4 Kf6 50. h4 1-0

[Event "GrandPrix_30.05"]
[Site "Chess.com"]
[Date "2020.05.30"]
[Round "4"]
[White "econpower"]
[Black "IriBu"]
[Result "1-0"]
[WhiteElo "2225"]
[BlackElo "2231"]
[TimeControl "600+2"]
[EndTime "9:54:08 PDT"]
[Termination "econpower won by checkmate"]

1. c4 e5 2. g3 Nf6 3. Bg2 Nc6 4. Nc3 Bc5 5. e3 d5 6. cxd5 Nb4 7. d4 exd4 8. exd4 Be7 9. Nge2 Nbxd5 10. O-O O-O 11. Nf4 Nxf4 12. Bxf4 Bd6 13. Be3 c6 14. d5 cxd5 15.
Nxd5 Nxd5 16. Qxd5 Bg4 17. Qxb7 Rb8 18. Qxa7 Be5 19. a4 Bxb2 20. Rab1 Qf6 21. a5 h5 22. h4 Rfe8 23. Qc5 Bf5 24. Rbd1 Re5 25. Qc7 Rc8 26. Qb6 Re6 27. Qb7 Re7 28. Qb5 Bg4 29. Rb1 Bd4 30.
Bg5 Qe6 31. Bxe7 Qxe7 32. Rbe1 Qd6 33. Re8+ Rxe8 34. Qxe8+ Kh7 35. Qc6 Qb4 36. a6 f5 37.
Bd5 Be2 38. Bf7 Bxf1 39. Qg6+ Kh8 40. Qxh5# 1-0

[Event "GrandPrix_30.05"]
[Site "Chess.com"]
[Date "2020.05.30"]
[Round "4"]
[White "Saqo007"]
[Black "nikosgal"]
[Result "1/2-1/2"]
[WhiteElo "2145"]
[BlackElo "2231"]
[TimeControl "600+2"]
[EndTime "9:54:10 PDT"]
[Termination "Game drawn - insufficient material"]

1. d4 Nf6 2. c4 e6 3. Nc3 d5 4. Nf3 dxc4 5. e4 b5 6. e5 Nd5 7. Nxb5 Nb6 8. Nc3 c5 9. dxc5 Qxd1+ 10. Nxd1 Bxc5 11. Be3 N8d7 12. Rc1 Ba6 13. Bxc5 Nxc5 14. Ne3 Rc8 15. Nd2 O-O 16. Ndxc4 Rfd8 17. b3 Ncd7 18.
f4 Nd5 19. Rd1 Bxc4 20. Nxc4 Nxf4 21. Rd6 Ng6 22. Ra6 Rc7 23. Ra5 Nc5 24. Be2 Rd5 25. O-O Nxe5 26. Nxe5 Rxe5 27. Bf3 Nd7 28. Ra6 Kf8 29.
b4 Ke7 30. a4 Nb8 31. Ra5 Rxa5 32. bxa5 Nd7 33. Rb1 Nc5 34. Rb4 f5 35. Kf2 e5 36.
Be2 Kd6 37. g3 Rb7 38. Rb5 Rc7 39. Rb4 Ne4+ 40. Kf1 Rc1+ 41. Kg2 Rc2 42. Kf1 Kc5 43. Rb7 Kd4 44. Rd7+ Kc3 45. Rxa7 Ra2 46. Rc7+ Kd4 47.
Rd7+ Kc5 48. Rxg7 Rxa4 49. a6 h6 50. a7 Kb6 51. Re7 Rxa7 52. Rxe5 Ra1+ 53. Kg2 Ra2 54. Kf3 Ra3+ 55. Kf4 Nd6 56. Re6 Kc5 57. Rxh6 Ra4+ 58. Kf3 Kd5 59. Rh8 Ke5 60. Rh7 Ne4 61. Re7+ Kf6 62.
Rd7 Ra3+ 63. Rd3 Ra2 64. h4 Ke5 65. Re3 Ra7 66. Bd3 Kd4 67. Bxe4 fxe4+ 68. Kf2 Rf7+ 69. Ke2 Rb7 70. Ra3 Rb2+ 71. Ke1 Rh2 72. Kf1 e3 73. Ra4+ Kd3 74. Ra3+ Ke4 75. Ra8 Kf3 76. Rf8+ Kxg3 77. h5 Rxh5 78. Ke2 Re5 79. Rf3+ Kg4 80. Rxe3 Rxe3+ 81.
Kxe3 1/2-1/2

[Event "GrandPrix_30.05"]
[Site "Chess.com"]
[Date "2020.05.30"]
[Round "4"]
[White "Grandelicious"]
[Black "Sunerorlater"]
[Result "1/2-1/2"]
[WhiteElo "2548"]
[BlackElo "2260"]
[TimeControl "600+2"]
[EndTime "9:54:15 PDT"]
[Termination "Game drawn by agreement"]

1. Nf3 d5 2. g3 g6 3. c4 dxc4 4. Na3 Bg7 5. Nxc4 Nc6 6. d3 e5 7.
Bd2 Nge7 8. Rc1 O-O 9. b4 a6 10. Bg2 Re8 11. O-O h6 12. a4 Nf5 13. Re1 Rb8 14. Bc3 Nd6 15. Nxd6 cxd6 16. b5 axb5 17. axb5 Ne7 18. Nd2 Be6 19. Nc4 d5 20. Na5 Qb6 21.
Rb1 Ra8 22. Qd2 Nf5 23. e4 dxe4 24. Bxe4 Nd6 25. Bg2 Red8 26. Qe3 Qxe3 27. fxe3 e4 28. Bb4 exd3 29. Nxb7 Nxb7 30. Bxb7 Ra2 31. Rbd1 Rb2 32. Ba5 Rb8 33. Bc6 R8xb5 34. Bxb5 Rxb5 35. Bd2 Rb2 36. Bc1 Rb3 37. e4 Bg4 38. Rd2 Be2 39. Rexe2 dxe2 40. Rxe2 Rb1 41. Rc2 Bb2 42. Rxb2 Rxc1+ 43. Kf2 1/2-1/2

[Event "GrandPrix_30.05"]
[Site "Chess.com"]
[Date "2020.05.30"]
[Round "4"]
[White "RovenVogel"]
[Black "Zubrrr"]
[Result "1/2-1/2"]
[WhiteElo "2442"]
[BlackElo "2564"]
[TimeControl "600+2"]
[EndTime "9:54:22 PDT"]
[Termination "Game drawn by repetition"]

1. d4 f5 2. g3 Nf6 3. Bg2 g6 4. c3 Bg7 5. Qb3 Nc6 6. Bg5 e6 7. d5 exd5 8. Bxd5 Qe7 9. Nf3 h6 10. Bxf6 Qxf6 11. Na3 Ne7 12. Nb5 Nxd5 13. Qxd5 c6 14.
Nd6+ Ke7 15. Nxc8+ Rhxc8 16. Qb3 b6 17. O-O d5 18.
Rad1 Kf8 19. c4 Qxb2 20. Qa4 Qxe2 21. Qa3+ Kg8 22. cxd5 cxd5 23. Nh4 Qe6 24. Rfe1 Qf6 25. Rxd5 Rd8 26. Qb3 Kh7 27. Rxd8 Rxd8 28. Re6 Qa1+ 29.
Kg2 Rd1 30. Nf3 Rd7 31. Re8 h5 32. Ng5+ Kh6 33. Qe3 Qd4 34. Qc1 Qd2 35. Nf7+ Kh7 36. Ng5+ Kh6 37. Nf7+ Kh7 38. Ng5+ Kh6 1/2-1/2

[Event "GrandPrix_30.05"]
[Site "Chess.com"]
[Date "2020.05.30"]
[Round "4"]
[White "Salnaa"]
[Black "EvgenyPigusov"]
[Result "0-1"]
[WhiteElo "2155"]
[BlackElo "2294"]
[TimeControl "600+2"]
[EndTime "9:54:30 PDT"]
[Termination "EvgenyPigusov won by resignation"]

1. d4 Nf6 2. c4 c5 3. d5 e6 4. Nc3 exd5 5. cxd5 d6 6. e4 g6 7. f4 Bg7 8. Bb5+ Nfd7 9. a4 O-O 10. Nf3 Na6 11.
O-O Nb4 12. Re1 a6 13. Bf1 Re8 14.
Be3 Nf6 15. Bf2 Bg4 16. Rc1 Rc8 17. Bc4 Nh5 18. h3 Bd7 19. g3 Bxh3 20. Ng5 Bd7 21. Bf1 c4 22. Qd2 h6 23. Nf3 Nf6 24. e5 dxe5 25. fxe5 Ng4 26. Bd4 Bf5 27. d6 Nd3 28. Bxd3 cxd3 29. Nd5 Rc2 30. Rxc2 dxc2 31. Nh4 Be6 32.
Ne7+ Rxe7 33. dxe7 Qxe7 34. Qxc2 Qb4 35. Bc3 Qb6+ 36.
Kg2 Ne3+ 37. Rxe3 Qxe3 38. Qf2 Bd5+ 39. Kg1 Qe4 40. Ng2 Qxg2+ 41. Qxg2 Bxg2 42. Kxg2 Kf8 43. Kf3 Ke7 44. Ke4 Ke6 45. b3 h5 46. Bd4 Bf8 47.
Be3 Be7 48. Bf4 Bd8 49. Be3 Bc7 50. Bf4 f6 51. exf6 Bxf4 52. f7 Kxf7 0-1

[Event "GrandPrix_30.05"]
[Site "Chess.com"]
[Date "2020.05.30"]
[Round "4"]
[White "v-kazakouski"]
[Black "payto1"]
[Result "1-0"]
[WhiteElo "2389"]
[BlackElo "2170"]
[TimeControl "600+2"]
[EndTime "9:54:31 PDT"]
[Termination "v-kazakouski won by resignation"]

1. d4 Nf6 2. Nf3 b6 3. c4 e6 4.
g3 Bb7 5. Bg2 g6 6. Qc2 Bg7 7.
Nc3 d5 8. Ne5 O-O 9. O-O Nbd7 10.
Rd1 a6 11. Bf4 Rc8 12. cxd5 exd5 13. Qb3 c6 14. Bh3 b5 15. Bg5 Rc7 16. Nxd7 Rxd7 17.
Bxf6 Bxf6 18. Bxd7 Qxd7 19. e4 Qh3 20. e5 Bg5 21. Qc2 c5 22. f4 Be7 23. Qg2 Qe6 24. Ne2 c4 25. g4 f5 26. exf6 Qxf6 27. Rf1 Bd8 28. Rad1 Bb6 29. f5 g5 30. Qf2 Re8 31. Ng3 Kf7 32. Kg2 b4 33. Rfe1 Bxd4 34. Rxd4 Rxe1 35. Qxe1 Qxd4 36. Qe6+ Kf8 37. Qd6+ Kg7 38.
Qe7+ Kh6 39. Qe6+ Kg7 40. f6+ Kg6 41. f7+ 1-0

[Event "GrandPrix_30.05"]
[Site "Chess.com"]
[Date "2020.05.30"]
[Round "4"]
[White "MikaelyanArman1996"]
[Black "BogdanDeac"]
[Result "0-1"]
[WhiteElo "2362"]
[BlackElo "2544"]
[TimeControl "600+2"]
[EndTime "9:54:32 PDT"]
[Termination "BogdanDeac won on time"]

1. d4 Nf6 2. c4 e6 3. Nf3 d5 4.
Nc3 c6 5. g3 Nbd7 6. Bg2 dxc4 7.
O-O b5 8. e4 b4 9. e5 Nd5 10.
Ne4 Be7 11. Nfg5 O-O 12. Qc2 h6 13. f4 c5 14. Nf6+ N7xf6 15. exf6 Nxf6 16. Bxa8 hxg5 17. Qxc4 Qb6 18. Bg2 Ba6 19. Qb3 Bxf1 20. Kxf1 gxf4 21. Bxf4 cxd4 22. Qd3 Nd7 23. Rc1 e5 24. Bd2 Nc5 25.
Qf5 Qa6+ 26. Kg1 Qe2 27. Qc2 b3 28. axb3 d3 29. Qc3 Nxb3 30. Qxb3 Qxd2 31. Rd1 Qe3+ 32.
Kh1 e4 33. Qd5 Qe2 34. Rf1 d2 35. h4 e3 36. Kh2 Qe1 37. Kh3 e2 38. Rxe1 dxe1=Q 39. Qd7 Qb4 40. h5 e1=Q 0-1

[Event "GrandPrix_30.05"]
[Site "Chess.com"]
[Date "2020.05.30"]
[Round "4"]
[White "chessfreak35"]
[Black "SuperFineHipster"]
[Result "1-0"]
[WhiteElo "2445"]
[BlackElo "2190"]
[TimeControl "600+2"]
[EndTime "9:54:32 PDT"]
[Termination "chessfreak35 won on time"]

1. e4 c5 2. Nf3 d6 3. d4 cxd4 4. Nxd4 Nf6 5. Nc3 a6 6. h4 b5 7. a4 b4 8. Nd5 e6 9. Nxf6+ Qxf6 10. Bg5 Qe5 11. Bd3 Nd7 12. Be3 Bb7 13. f4 Qf6 14. f5 Nc5 15. O-O Qxh4 16. fxe6 fxe6 17. Qd2 Be7 18. Qxb4 Rb8 19. Rf4 Qg3 20. Rf3 Qh4 21. Bxa6 Bf6 22. Bb5+ Ke7 23. e5 Bxf3 24. exf6+ Kxf6 25. Rf1 Kg6 26. Rxf3 Rhf8 27. Bf2 Qe4 28. Rg3+ Kf7 29.
Re3 Qg4 30. Qe1 Kg8 31. Nxe6 Nxe6 32. Rxe6 Rb7 33. Re8 Rf7 34. Rxf8+ Rxf8 35. a5 Qf5 36. Bd3 Qd5 37. a6 Kh8 38. a7 Qa2 39. b3 d5 40.
Bd4 Qa3 41. Qa1 1-0

[Event "GrandPrix_30.05"]
[Site "Chess.com"]
[Date "2020.05.30"]
[Round "4"]
[White "switlave"]
[Black "Haapana"]
[Result "1-0"]
[WhiteElo "2258"]
[BlackElo "2361"]
[TimeControl "600+2"]
[EndTime "9:54:32 PDT"]
[Termination "switlave won on time"]

1. d4 d5 2. Bf4 c5 3. e3 Nc6 4. c3 Qb6 5. Qb3 c4 6. Qc2 Bf5 7. Qxf5 Qxb2 8. Qxd5 Qxa1 9. Qb5 O-O-O 10. Bxc4 e5 11. Bxe5 Bb4 12. Bd3 Bxc3+ 13. Ke2 Nge7 14.
Nxc3 Qxc3 15. Nf3 f6 16. Rb1 Rd7 17. Bg3 Qa5 18. Qb3 Nd5 19. Rc1 Nb4 20. a3 Na6 21.
Nd2 Re8 22. Kd1 Qb6 23. Qxb6 axb6 24. Bxa6 bxa6 25. Rxc6+ Kb7 26. Rc3 g5 27. Nc4 Re6 28.
Kd2 Rc6 29. Kd3 Rd5 30. e4 Rd7 31. d5 Rc5 32. f3 h5 33. Bf2 Rb5 34. a4 Rb4 35. a5 b5 36. Nb6 Rc7 37. Rxc7+ Kxc7 38. Bc5 Rb2 39. d6+ Kd8 40. Bd4 Rxg2 41. Bxf6+ Ke8 42. d7+ 1-0

[Event "GrandPrix_30.05"]
[Site "Chess.com"]
[Date "2020.05.30"]
[Round "4"]
[White "Sergey_Krivenko"]
[Black "Alex_Krayz"]
[Result "0-1"]
[WhiteElo "2080"]
[BlackElo "2178"]
[TimeControl "600+2"]
[EndTime "9:54:38 PDT"]
[Termination "Alex_Krayz won by resignation"]

1. d4 Nf6 2. Nf3 e6 3. Bf4 b6 4.
e3 Bb7 5. h3 Be7 6. Bd3 c5 7.
Nbd2 Nc6 8. c3 d6 9. Bh2 a6 10. a4 O-O 11. O-O Re8 12. Qb3 Bf8 13. e4 cxd4 14.
cxd4 Na5 15. Qd1 d5 16. e5 Ne4 17. Qe2 Bb4 18. Nxe4 dxe4 19. Bxe4 Bxe4 20. Qxe4 Qd5 21.
Qd3 Nb3 22. Ng5 h6 23. Qh7+ Kf8 24. Nf3 Ke7 25. Rad1 Rg8 26. Bg3 Rac8 27. Qd3 a5 28. Bf4 g5 29. Bg3 h5 30. Qe3 h4 31. Bh2 g4 32. hxg4 Rxg4 33. Rd3 Rcg8 34. Rxb3 Rxg2+ 35. Kh1 R2g4 36. Rg1 Rxg1+ 37. Bxg1 Rg4 38. Bh2 Qc4 39. Rd3 Qc2 40. Bf4 Qb1+ 41. Kh2 Qf1 42. Bg5+ Ke8 43. Nxh4 Qg1+ 44. Kh3 Rxg5 45. Qf4 Qf1+ 46. Kh2 Qg1+ 47.
Kh3 Qh1+ 48. Qh2 Qf1+ 0-1

[Event "GrandPrix_30.05"]
[Site "Chess.com"]
[Date "2020.05.30"]
[Round "4"]
[White "Saxar85"]
[Black "cassoulet"]
[Result "1/2-1/2"]
[WhiteElo "2410"]
[BlackElo "2190"]
[TimeControl "600+2"]
[EndTime "9:54:45 PDT"]
[Termination "Game drawn by repetition"]

1. e4 c5 2. Nf3 Nc6 3. Nc3 e6 4. Bb5 Nge7 5. O-O a6 6. Bxc6 Nxc6 7. d4 cxd4 8. Nxd4 Be7 9. Nxc6 bxc6 10. e5 O-O 11.
Bf4 f6 12. exf6 Rxf6 13. Bd6 Bxd6 14. Qxd6 Qf8 15. Ne4 Rf5 16. c4 c5 17. Rad1 Rf4 18. f3 Ra7 19. b3 Qxd6 20. Nxd6 Bb7 21. Rfe1 Ba8 22. Re5 Rc7 23. Rg5 g6 24. Kf2 Kf8 25. Ke3 Rf6 26. h4 h6 27. Rg4 Ke7 28. Rf4 Rc6 29.
Rxf6 Kxf6 30. g4 Ke7 31. Ne4 d6 32. g5 h5 33. f4 Rc8 34. Nf6 Bc6 35. Kd3 a5 36. Kc3 Rb8 37. a3 Rd8 38. b4 axb4+ 39. axb4 cxb4+ 40. Kxb4 Rb8+ 41. Kc3 Ra8 42. Rb1 Ra3+ 43.
Rb3 Rxb3+ 44. Kxb3 e5 45. fxe5 dxe5 46. Kc3 Ke6 47.
Kd3 Kf5 48. Ke3 e4 49. Nd5 Bxd5 50. cxd5 Ke5 51. d6 Kxd6 52. Kxe4 Ke6 53. Kd4 Kd6 54.
Ke4 Ke6 55. Kd4 Kd6 56. Ke4 1/2-1/2

[Event "GrandPrix_30.05"]
[Site "Chess.com"]
[Date "2020.05.30"]
[Round "4"]
[White "A_N_D-R_E_I"]
[Black "RaphaeI"]
[Result "1-0"]
[WhiteElo "2106"]
[BlackElo "2159"]
[TimeControl "600+2"]
[EndTime "9:54:48 PDT"]
[Termination "A_N_D-R_E_I won on time"]

1. e4 c5 2. Nf3 Nc6 3. Bb5 g6 4. Bxc6 dxc6 5. d3 Bg7 6. h3 Nf6 7. O-O O-O 8. Be3 b6 9. Qd2 e5 10. Bh6 Qe7 11. a3 Nh5 12. Bxg7 Kxg7 13. Nc3 f6 14. Ne2 Kh8 15. b4 Be6 16. bxc5 Qxc5 17. Rfc1 Rad8 18. Qb4 Qd6 19. Qxd6 Rxd6 20. a4 c5 21. a5 b5 22. a6 b4 23. Ra5 Rc8 24.
g4 Ng7 25. g5 fxg5 26. Nxe5 Bg8 27. f4 gxf4 28. Nxf4 g5 29. Ng2 Ne6 30. Ne3 Nd4 31. Rf1 Kg7 32. Kh2 Be6 33. Rg1 h6 34. h4 Kf6 35.
N3g4+ Bxg4 36. Nxg4+ Ke6 37. Rf1 h5 38. Ne3 g4 39.
Nf5 Nf3+ 40. Kg3 Rd7 41. Kf4 Rf7 42. Kg3 Ne5 43. d4 Nf3 44. dxc5 Rfc7 45. Rb5 Rxc5 46. Rxb4 Rc3 47. Kf4 R8c6 48. Ra1 Rxc2 49. Rb7 Rc7 50. Rab1 Kd7 51. Rd1+ Kc8 52. Ne7+ Rxe7 53. Rxe7 Rc5 54.
Rxa7 Nxh4 55. Rg7 Ng2+ 56. Kg3 1-0

[Event "GrandPrix_30.05"]
[Site "Chess.com"]
[Date "2020.05.30"]
[Round "4"]
[White "Gareth-Bale11"]
[Black "vladislavkovalev"]
[Result "0-1"]
[WhiteElo "2458"]
[BlackElo "2808"]
[TimeControl "600+2"]
[EndTime "9:54:49 PDT"]
[Termination "vladislavkovalev won by resignation"]

1. d4 Nf6 2. c4 g6 3. Nc3 Bg7 4.
e4 d6 5. Be2 O-O 6. Be3 c5 7.
d5 e6 8. Nf3 exd5 9. cxd5 Re8 10. Nd2 Na6 11. O-O Nc7 12. Qc2 Ng4 13. Bf4 Ne5 14. Bg3 f5 15. Rfe1 Rb8 16. a3 b5 17.
b4 c4 18. a4 Qf6 19. exf5 Bxf5 20. Nde4 Qf8 21. f3 a6 22. Qd2 Nf7 23. Ra3 Qe7 24. Bf1 Qd8 25. Bf2 Bh6 26. Qd4 Bg7 27. Qd2 Bxe4 28.
Nxe4 Re5 29. axb5 axb5 30. Ra7 Ra8 31. Rea1 Rxe4 32. Rxa8 Nxa8 33. Rxa8 Qxa8 34. fxe4 Qa1 35. g3 Ne5 36. Kg2 c3 37. Qd4 Qb2 38. Bxb5 Ng4 39.
e5 Qxf2+ 40. Qxf2 Nxf2 41. e6 Kf8 42. Ba4 Nd3 43. b5 c2 44. Bxc2 Ne1+ 45. Kf1 Nxc2 46. b6 Bd4 47. b7 Ba7 48. Ke2 Nb4 0-1

[Event "GrandPrix_30.05"]
[Site "Chess.com"]
[Date "2020.05.30"]
[Round "4"]
[White "GM_dmitrij"]
[Black "Onischuk_V"]
[Result "0-1"]
[WhiteElo "2460"]
[BlackElo "2547"]
[TimeControl "600+2"]
[EndTime "9:54:49 PDT"]
[Termination "Onischuk_V won by resignation"]

1. e4 d6 2. d4 Nf6 3. Nc3 g6 4. Bf4 Nc6 5. Qd2 Bg7 6. O-O-O h6 7. Nf3 Bg4 8. Be2 Bxf3 9. Bxf3 e5 10. dxe5 dxe5 11. Qe2 Qe7 12. Be3 O-O 13. Qc4 Rfd8 14.
h4 Rxd1+ 15. Rxd1 Rd8 16. Rxd8+ Qxd8 17. Qb5 Qc8 18. h5 g5 19. Be2 a6 20. Qd3 Nd4 21. Bxd4 exd4 22. Qxd4 Nxh5 23. e5 Nf4 24. Bc4 b5 25. g3 Ng6 26. Bb3 c5 27. Qe4 c4 28.
Nd5 cxb3 29. axb3 Qh3 30. f4 Qxg3 31. e6 fxe6 32. Qxe6+ Kh7 33. fxg5 Qg1+ 34. Kd2 Qxg5+ 35. Kd1 Ne5 36. c4 bxc4 37. bxc4 Qg1+ 38. Kc2 Qg6+ 39. Qxg6+ Kxg6 40. c5 Kf5 41. b4 h5 42. Kd2 Nc6 43. Kd3 h4 44. Ke3 Ke5 45. Nc7 Nxb4 46. Kf3 Bf6 47.
Kg4 Bd8 48. Ne8 a5 49. Nd6 Nc6 50. Nb7 Kd5 0-1